 Dungeon Crawl Stone Soup version 0.30-a0-778-g2ef04afb54 (webtiles) character file.

Game seed: 8137860039306446789

11 hikkokomori the Magician (level 2, -6/15 HPs)
             Began as a Gargoyle Hedge Wizard on Feb 16, 2023.
             Killed from afar by Natasha (8 damage)
             ... with a magic dart
             ... on level 2 of the Dungeon.
             The game lasted 00:02:02 (1152 turns).

hikkokomori the Magician (Gargoyle Hedge Wizard)    Turns: 1152, Time: 00:02:03

Health: -6/15      AC:  4    Str: 13    XL:     2   Next: 25%
Magic:  6/6        EV: 11    Int: 14    God:
Gold:   38         SH:  0    Dex:  9    Spells: 6/7 levels left

rFire   . . .      SeeInvis .    a - +0 dagger
rCold   . . .      Faith    .    (no shield)
rNeg    + . .      Spirit   .    b - +0 robe
rPois   ∞          Reflect  .    c - +0 hat
rElec   +          Harm     .    (no cloak)
rCorr   .          Rampage  .    (no gloves)
Will    .....                    (no boots)
Stlth   ++                       (no amulet)
HPRegen 0.22/turn                (no ring)
MPRegen 0.10/turn                (no ring)

@: slowed, very slow
A: sickness immunity, AC +2, negative energy resistance 1, electricity
resistance, torment resistance 1, petrification resistance
a: no special abilities


You were on level 2 of the Dungeon.
You visited 1 branch of the dungeon, and saw 2 of its levels.

You collected 38 gold pieces.

Inventory:

Hand Weapons
 a - a +0 dagger (weapon)
 j - a +2 heavy hand axe
Missiles
 g - 5 curare-tipped darts
Armour
 b - a +0 robe (worn)
 c - a +0 hat (worn)
Scrolls
 i - a scroll of magic mapping {unknown}
Potions
 d - a potion of magic
 e - a potion of brilliance {unknown}
 f - a potion of lignification {unknown}
 h - a potion of attraction {unknown}


   Skills:
 - Level 1.5 Dodging
 + Level 2.4 Stealth
 - Level 3.0 Spellcasting
 + Level 1.4 Conjurations
 + Level 1.2 Summonings
 + Level 1.2 Translocations


You had 6 spell levels left.
You knew the following spells:

 Your Spells              Type           Power      Damage    Failure   Level
a - Magic Dart            Conj           24%        1d4       12%         1

Your spell library contained the following spells:

 Spells                   Type           Power      Damage    Failure   Level
 Blink                    Tloc           10%        N/A       21%         2
 Call Imp                 Summ           5%         N/A       21%         2
 Slow                     Hex            8%         N/A       22%         1
 Mephitic Cloud           Conj/Pois/Air  3%         N/A       45%         3
 Frozen Ramparts          Ice            4%         1d1       54%         3
 Summon Ice Beast         Ice/Summ       3%         N/A       86%         4
 Ice Form                 Ice/Tmut       2%         N/A       91%         4
 Cigotuvi's Dreadful Rot  Necr/Pois/Air  Unusable   N/A       N/A         2

Dungeon Overview and Level Annotations

Branches:
Dungeon (2/15)

Altars:

Annotations:
D:2 Natasha


Innate Abilities, Weirdness & Mutations

You are immune to sickness and miasma.
Your stone body is resilient. (AC +2)
You are immune to poison.
You resist negative energy. (rN+)
You are resistant to electric shocks. (rElec)
You are resistant to unholy torment.
You are immune to petrification.


Message History

You feel yourself slow down.
You hit Natasha.
Natasha is severely wounded.
Natasha closely misses you.
You hit Natasha but do no damage.
Natasha is severely wounded.
Natasha claws you but does no damage. Natasha barely misses you.
You hit Natasha.
Natasha is severely wounded.
Natasha closely misses you.
You hit Natasha but do no damage.
Natasha is severely wounded.
Natasha closely misses you. x2
You hit Natasha.
Natasha is almost dead.
Natasha misses you.
You hit Natasha but do no damage.
Natasha is almost dead.
Natasha extends her claws.
Natasha stares at you and mumbles some strange words.
You resist with significant effort.
Natasha stares at you and mumbles some strange words.
You feel as though you will be slow longer.
You hit Natasha.
Natasha is almost dead.
Natasha casts a spell at you.
You feel as though you will be slow longer.
You closely miss Natasha.
Natasha is almost dead.
Natasha claws you! x2
* * * LOW HITPOINT WARNING * * *
You hit Natasha but do no damage.
Natasha is almost dead.
Natasha misses you.
The hobgoblin hits you but does no damage.
Natasha attacks as you move away! Natasha closely misses you.
Natasha casts a spell at you. The magic dart hits you!
Ouch! That really hurt!
You die...

##.....#######
#.#.......#.....
##.....>.........
....8.....8.....♣
................
##...8.8.$......
##.......hg......
#...8...^.8......
.......<@........
.###.......######
##.....## #######


You could see Natasha and a hobgoblin.

Vanquished Creatures
  A goblin (D:1)
  2 hobgoblins (D:1)
  A kobold (D:1)
  A quokka (D:1)
  4 bats (D:1)
  2 frilled lizards (D:1)
11 creatures vanquished.

Notes
Turn   | Place    | Note
-------+----------+-------------------------------------------
     0 | D:1      | hikkokomori the Gargoyle Hedge Wizard began the quest for
                  | the Orb.
     0 | D:1      | Reached XP level 1. HP: 10/10 MP: 4/4
   136 | D:1      | Reached skill level 1 in Summonings
   136 | D:1      | Reached skill level 1 in Translocations
   439 | D:1      | Reached XP level 2. HP: 15/15 MP: 4/6
  1138 | D:2      | Noticed Natasha
  1152 | D:2      | Killed from afar by Natasha

Illustrated notes

Levels and vault maps discovered:
D:1:      roderic_dead_forest, layout_loops_corners,
          chequers_serial_rivers_micro_b, st_stairs_8, serial_bayou_crossing
D:2:      layout_rooms, ebering_ecumenical_altar_sacrificial, serial_shops,
          nicolae_shop_trees, minmay_misc_feat_hallway, grunt_ministairs_10,
          serial_bayou_pond_d, uniq_terence, uniq_crazy_yiuf_cottage,
          uniq_robin, uniq_natasha

Skill      XL: |  1 |
---------------+----+-----
Summonings     | 1 |  1.2
Translocations | 1 |  1.2
Dodging        | |  1.5
Stealth        | |  2.4
Spellcasting   | |  3.0
Conjurations   | |  1.4

Action                     || total
---------------------------++-------
  Melee: Dagger            ||    40
   Cast: Magic Dart        ||    19
   Stab: Sleeping          ||     3
 Armour: Robe              ||    20
  Dodge: Dodged            ||    27

Table legend: (Time is in decaauts)
 A = Elapsed time spent in this place.
 B = Non-inter-level travel time spent in this place.
 C = Inter-level travel time spent in this place.
 D = Time resting spent in this place.
 E = Time spent auto-exploring this place.
 F = Levels seen in this place.
 G = Mean time per level.
                   A        B        C        D        E       F      G
               +--------+--------+--------+--------+--------+-----+--------+
         Total |   1164 |   1121 |     43 |      0 |    999 |   2 |  582.0 |
       Dungeon |   1164 |   1121 |     43 |      0 |    999 |   2 |  582.0 |
               +--------+--------+--------+--------+--------+-----+--------+

Top non-repeatable levels by time:
     D:1: 1146 daAuts
     D:2: 18 daAuts
